 Dungeon Crawl Stone Soup version 0.21.1-1-g345015fe64 (webtiles) character file.

364 uther999 the Ruffian (level 6, -5/61 HPs)
             Began as a Troll Berserker on Apr 19, 2018.
             Was a Priest of Trog.
             Slain by an ogre
             ... wielding a +0 giant spiked club
              (30 damage)
             ... on level 4 of the Dungeon.
             The game lasted 00:12:46 (3040 turns).

uther999 the Ruffian (Troll Berserker)              Turns: 3040, Time: 00:12:48

Health: -5/61      AC:  5    Str: 28    XL:     6   Next: 39%
Magic:  5/5        EV: 11    Int:  3    God:    Trog [***...]
Gold:   152        SH:  0    Dex:  9    Spells: 5/5 levels left

rFire    . . .     SeeInvis +     - Unarmed
rCold    . . .     Gourm    +   (no shield)
rNeg     . . .     Faith    .   a - +0 animal skin
rPois    .         Spirit   .   (helmet restricted)
rElec    .         Reflect  .   (no cloak)
rCorr    .         Harm     .   (gloves unavailable)
MR       .....                  (boots unavailable)
Stlth    +.........             (no amulet)
HPRegen  0.60/turn              i - ring of see invisible
MPRegen  0.09/turn              (no ring)

@: no status effects
A: large, unfitting armour, claws 3, fast metabolism 3, gourmand, regeneration
1, shaggy fur 1, tough skin 2
a: Berserk, Trog's Hand, Burn Spellbooks, Renounce Religion


You were on level 4 of the Dungeon.
You worshipped Trog.
Trog was most pleased with you.
You were very full.

You visited 1 branch of the dungeon, and saw 4 of its levels.

You collected 152 gold pieces.

Inventory:

Missiles
 c - 56 arrows
Armour
 a - a +0 animal skin (worn)
Magical Staves
 k - an uncursed staff of poison
Jewellery
 i - a ring of see invisible (left claw)
 q - an uncursed ring of teleportation
Wands
 m - a wand of acid (10)
Scrolls
 d - a scroll of fog
 g - 3 scrolls of teleportation
 h - a scroll of identify
 j - a scroll of enchant weapon
 n - a scroll of fear
Potions
 l - 2 potions of curing {unknown}
 o - 3 potions of haste {unknown}
Comestibles
 b - 5 rations


   Skills:
 + Level 3.1 Fighting
 + Level 3.7 Dodging
 + Level 1.0 Stealth
 + Level 5.4 Unarmed Combat


You had 5 spell levels left.
You didn't know any spells.

Dungeon Overview and Level Annotations

Branches:
Dungeon (4/15)
 Temple: D:4-7

Altars:
Elyvilon
Hepliaklqana
Makhleb
Xom


Innate Abilities, Weirdness & Mutations

You are too large for most types of armour.
You have claws for hands.
Your metabolism is lightning-fast.
You like to eat raw meat.
Your natural rate of healing is unusually fast.
You are covered in fur. (AC +1)
You have very tough skin. (AC +2)


Message History

The jackal barks!
The jackal barks!
The ogre hits you with a giant spiked club!
You claw the ogre!
The ogre is heavily wounded.
The giant cockroach closely misses you.
The jackal bites you but does no damage.
The giant cockroach completely misses you.
You scratch the giant cockroach.
The giant cockroach is severely wounded.
The jackal misses you.
The ogre hits you with a giant spiked club!!
The giant cockroach bites you but does no damage.
You claw the giant cockroach!
You kill the giant cockroach!
Trog accepts your kill. The jackal barely misses you. x2
The jackal bites you but does no damage.
The ogre hits you with a giant spiked club!!
You die...

*** *,* ########## *,* #.......§#
*,* #.....§.§#
*,*##........##########
#.*#.........##.......####*
#.##...........h..........*
#.............@h..........*
#..............O.≈≈≈≈.....*
###...............8≈≈≈≈.....*****
...................≈≈≈≈.....,,,,*
**#..........#.#............,,,,,
* #.........#.#.#...........,,,,*
* #.##..####.#...#...#.....#,*,*,
* #.........#.....#.#.#...#.*,*,*
* ###........#...#.#.#.#.#,*,*,*,


You could see an ogre and 2 jackals.

Vanquished Creatures
  The ghost of dark4128 the Slasher, an amateur DsGl (D:3)
  A crimson imp (D:3)
  A centaur skeleton (D:4)
  2 orc priests (D:4)
  A worker ant (D:2)
  2 adders
  6 worms
  3 dart slugs
  A leopard gecko (D:3)
  3 orcs (D:4)
  3 giant cockroaches
  11 goblins
  10 hobgoblins
  8 jackals
  9 kobolds
  5 quokkas
  7 bats
  5 frilled lizards
  12 rats
91 creatures vanquished.

Notes
Turn   | Place    | Note
-------+----------+-------------------------------------------
     0 | D:1      | uther999 the Troll Berserker began the quest for the Orb.
     0 | D:1      | Reached XP level 1. HP: 22/22 MP: 0/0
    72 | D:1      | Reached XP level 2. HP: 29/29 MP: 1/1
   368 | D:1      | Reached XP level 3. HP: 36/36 MP: 2/2
   498 | D:1      | Reached ** piety under Trog
  1157 | D:2      | Reached XP level 4. HP: 45/45 MP: 3/3
  1174 | D:2      | Found a burning altar of Makhleb.
  1263 | D:2      | Reached skill level 4 in Unarmed Combat
  1859 | D:3      | Reached XP level 5. HP: 49/53 MP: 4/4
  1909 | D:3      | Found a white marble altar of Elyvilon.
  1911 | D:3      | Noticed dark4128's ghost (amateur DsGl)
  1922 | D:3      | Killed dark4128's ghost
  1989 | D:3      | Reached skill level 5 in Unarmed Combat
  2149 | D:3      | Reached *** piety under Trog
  2156 | D:3      | Found a shimmering altar of Xom.
  2158 | D:3      | Found a hazy altar of Hepliaklqana.
  2158 | D:3      | Noticed a hungry ghost
  2159 | D:3      | Noticed a spectral ugly thing
  2159 | D:3      | Noticed a hungry ghost
  2805 | D:4      | Reached XP level 6. HP: 55/61 MP: 5/5
  2838 | D:4      | Reached skill level 1 in Stealth
  3040 | D:4      | Slain by an ogre

Skill      XL: |  1  2  3  4  5  6 |
---------------+-------------------+-----
Dodging        | 3 |  3.7
Fighting       | 3 |  3.1
Unarmed Combat | 4 5 |  5.4
Stealth        | 1 |  1.0

Action                   |  1- 3 |  4- 6 || total
-------------------------+-------+-------++-------
Melee: Unarmed           |   113 |   133 ||   246
       Punch             |     4 |     5 ||     9
Evoke: Wand              |       |     2 ||     2
  Use: Scroll            |       |    15 ||    15
 Stab: Sleeping          |       |     5 ||     5
  Eat: Chunk             |    10 |     8 ||    18
       Ration            |       |     4 ||     4
Armor: Animal skin       |    82 |    38 ||   120
Dodge: Dodged            |   118 |    72 ||   190
